Description

standard but not quite standard

Replay - 2000 Atmosphären LE (45)

Build Order

Get SALT Encoding   

  12  0:00  SCV  
  13  0:12  SCV  
  14  0:16  Supply Depot  
  14  0:24  SCV  
  15  0:38  SCV  
  15  0:39  Barracks  
  16  0:44  Refinery  
  16  0:50  SCV  
  17  1:02  SCV  
  18  1:14  SCV  
  19  1:27  Orbital Command, Barracks Reactor  
  19  1:38  Command Center  
  19  1:46  Refinery  
  19  1:53  Supply Depot  
  19  1:54  SCV  
  20  2:05  Reaper x2  
  20  2:07  SCV  
  23  2:19  SCV  
  24  2:26  Factory  
  24  2:31  SCV  
  24  2:32  Barracks  
  25  2:39  Marine x2  
  25  2:43  SCV  
  28  2:51  Bunker  
  28  2:56  SCV  
  28  2:58  Orbital Command  
  29  3:01  Marine x2  
  31  3:08  SCV  
  32  3:16  Starport  
  32  3:18  Factory Tech Lab  
  32  3:22  Barracks Tech Lab  
  32  3:24  SCV x2  
  34  3:36  SCV x2  
  34  3:37  Siege Tank  
  32  3:41  Stimpack  
  39  3:45  Marine x2  
  41  3:49  SCV  
  41  3:55  Supply Depot, SCV  
  43  3:57  Viking  
  43  4:01  SCV  
  46  4:16  Siege Tank, SCV x2, Marine x2  
  53  4:19  Supply Depot  
  53  4:22  Marine  
  54  4:40  Medivac, Command Center, SCV x2  
  54  4:41  Supply Depot  
  54  4:43  Marine x2  
  61  4:52  SCV x2  
  62  5:01  Barracks  
  62  5:02  Marine x3  
  62  5:03  Supply Depot, Widow Mine  
  62  5:05  SCV x2  
  69  5:10  Supply Depot  
  69  5:18  SCV  
  69  5:20  Engineering Bay  
  70  5:22  Combat Shield  
  70  5:25  Medivac, Marine x3, Widow Mine  
  78  5:28  SCV  
  78  5:35  Supply Depot x2  
  78  5:36  SCV  
  79  5:42  Marine x3  
  79  5:43  SCV  
  79  5:47  Widow Mine  
  85  5:53  Orbital Command, Barracks x2  
  85  5:54  SCV x2  
  85  5:55  Barracks Reactor  
  87  6:01  Supply Depot, Marine x3  
  90  6:04  Medivac  
  90  6:06  SCV  
  90  6:08  Widow Mine  
  95  6:12  SCV  
  95  6:14  Terran Infantry Weapons Level 1  
  95  6:15  Orbital Command  
  95  6:17  Refinery x2  
  96  6:24  Marine x2  
  98  6:30  Widow Mine  
  98  6:31  Ghost Academy  
  98  6:32  SCV x2  
  101  6:33  Marine x3  
  105  6:42  Supply Depot  
  105  6:43  SCV x3  
  105  6:46  Marine x3  
  109  6:47  Barracks Tech Lab x2  
  109  6:52  Medivac  
  109  6:54  Widow Mine, Marine x2  
  116  6:55  SCV x3  
  120  7:01  Supply Depot  
  120  7:04  Barracks  
  120  7:07  SCV x2  
  121  7:08  Ghost x2  
  121  7:12  Marine x3  
  121  7:15  SCV x2  
  130  7:20  SCV  
  132  7:23  Supply Depot, Armory  
  132  7:27  SCV x2, Refinery x2  
  133  7:32  Marine x4  
  133  7:33  SCV  
  133  7:34  Ghost  
  141  7:39  Supply Depot  
  141  7:45  Widow Mine, Marine x2  
  141  7:50  Marine  
  146  7:54  Command Center  
  146  7:55  Barracks Tech Lab  
  146  7:56  Marine x3  
  149  8:02  Supply Depot x2, Ghost  
  151  8:08  Widow Mine  
  151  8:09  Ghost x2  
  157  8:19  Terran Infantry Weapons Level 2, Supply Depot x2  
  157  8:20  Marine x3  
  157  8:25  Marine x2  
  162  8:31  Ghost  
  162  8:34  Widow Mine, Drilling Claws  
  166  8:38  Marine x5  
  170  8:41  Barracks x3  
  170  8:45  Ghost  
  173  8:56  Ghost  
  173  9:01  Ghost  
  177  9:03  Marauder  
  179  9:11  Marine x2  
  179  9:15  Marauder  
  185  9:17  Widow Mine  
  185  9:18  Marine x2  
  185  9:21  Engineering Bay  
  187  9:25  Marauder x2  
  187  9:27  SCV x2  
  187  9:30  Marauder  
  195  9:32  Barracks Reactor, Barracks Tech Lab x2  
  195  9:35  Barracks  
  195  9:36  Marauder  
  195  9:37  Marine x2  
  199  9:50  Terran Infantry Armor Level 1  
  199  9:51  Terran Vehicle And Ship Armor Level 1  
  199  9:58  Marauder  
Spawning Tool Build Advisor. Get it on Overwolf

Go to:

Details

  • Created by: lucahecker
  • Published on: Mar 14, 2022
  • Modified on: Mar 14, 2022
  • Patch: 4.11.0
  • Difficulty: Medium
Show
View Real Time Build Order
Export as new Build Order

Comments (0)

There are no comments. Be the first!

Create an account to comment!